 Dungeon Crawl Stone Soup version 0.30-b1-2-g02819fbbbe (webtiles) character file.

Game seed: 7289742154211838714

938 Alarkh the Trooper (level 7, -11/61 HPs)
             Began as a Demonspawn Artificer on Nov 27, 2023.
             Mangled by Duvessa
             ... wielding a +0 short sword
              (15 damage)
             ... on level 5 of the Dungeon.
             The game lasted 00:06:00 (3855 turns).

Alarkh the Trooper (Demonspawn Artificer)           Turns: 3855, Time: 00:06:00

Health: -11/61     AC:  7    Str:  9    XL:     7   Next: 87%
Magic:  7/7        EV: 11    Int: 14    God:
Gold:   282        SH:  0    Dex: 19    Spells: 6/6 levels left

rFire   . . .        b - +8 dagger of the Vase {heavy, rN+++ Str-3 Dex+5 Stlth-}
rCold   . . .        (no shield)
rNeg    + + +        k - +0 leather armour
rPois   .            (no helmet)
rElec   .            (no cloak)
rCorr   .            (no gloves)
SInv    .            t - +2 pair of boots
Will    .....        g - amulet of faith
Stlth   +            (no ring)
HPRegen 0.30/turn    (no ring)
MPRegen 0.10/turn

%: faith
@: about to teleport
A: rugged brown scales 1, powered by death 2, weakness stinger 2
a: no special abilities


You were on level 5 of the Dungeon.
You visited 2 branches of the dungeon, and saw 6 of its levels.
You also visited: Sewer.

You collected 282 gold pieces.

Inventory:

Hand Weapons
 a - a +2 short sword of venom
 b - the +8 dagger of the Vase (weapon) {heavy, rN+++ Str-3 Dex+5 Stlth-}
   (You found it on level 2 of the Dungeon)

   Str:       It affects your strength (-3).
   Dex:       It affects your dexterity (+5).
   rN:        It renders you almost immune to negative energy.
   Stlth:     It makes you less stealthy.
 l - the +4 falchion "Xuejodde" {flame, Fragile rElec rC+}
   (You found it on level 2 of the Dungeon)

   rC:        It protects you from cold.
   rElec:     It insulates you from electricity.
   Fragile:   It will be destroyed if unequipped.
 z - a +1 short sword of speed
 C - a +1 dagger of venom
Armour
 k - a +0 leather armour (worn)
 t - a +2 pair of boots (worn)
Magical Staves
 p - a staff of cold
Jewellery
 g - an amulet of faith (around neck)
Wands
 c - a wand of flame (3) (quivered)
 d - a wand of charming (15)
 e - a wand of iceblast (5)
Scrolls
 f - 2 scrolls of blinking {unknown}
 i - 2 scrolls of teleportation
 m - a scroll of enchant armour {unknown}
 o - 2 scrolls of poison {unknown}
 r - a scroll of identify
 u - 3 scrolls of fog {unknown}
 v - a scroll of magic mapping {unknown}
 y - a scroll of fear {unknown}
 B - a scroll of noise {unknown}
Potions
 h - 2 potions of might
 j - a potion of flight
 n - 5 potions of curing
 q - a potion of cancellation
 s - a potion of lignification {unknown}
 w - a potion of resistance {unknown}
 x - a potion of berserk rage {unknown}
 A - 2 potions of invisibility {unknown}


   Skills:
 + Level 7.0 Fighting
 * Level 4.1 Short Blades
 - Level 1.7 Armour
 - Level 0.8 Dodging
 + Level 3.2 Stealth
 - Level 3.0 Evocations


You had 6 spell levels left.
You didn't know any spells.
Your spell library contained the following spells:

 Spells                   Type           Power      Damage    Failure   Level
 Beastly Appendage        Tmut           0%         N/A       36%         1
 Shock                    Conj/Air       0%         1d3       36%         1
 Wereblood                Tmut           0%         N/A       52%         2
 Spider Form              Tmut/Pois      0%         N/A       75%         3
 Swiftness                Air            0%         N/A       75%         3
 Airstrike                Air            0%         2d(0-16)  98%         4


Dungeon Overview and Level Annotations

Branches:
Dungeon (5/15)             Temple (1/1) D:4           Sewer (visited)

Altars:
Ashenzari
Cheibriados
Dithmenos
Gozag
Hepliaklqana
Kikubaaqudgha
Nemelex Xobeh
Okawaru
Qazlal
Ru
Trog
Vehumet
Yredelemnul

Annotations:
D:3 1 runed translucent door, NimIero's ghost, amateur MfIE
D:5 Duvessa


Innate Abilities, Weirdness & Mutations

You are partially covered in rugged brown scales. (AC +1, +3% HP)
You regenerate health from kills.
You have a tail ending in a sharp stinger.


Message History

Dowan is severely wounded.
Duvessa barely misses you. Dowan hits you but does no damage.
Duvessa barely misses you. Dowan barely misses you.
You puncture Dowan! You tail-slap Dowan.
You kill Dowan!
Duvessa screams, "No!
How DARE you!"
Duvessa goes berserk!
Duvessa hits you with a +0 short sword. Duvessa hits you with a +0 short sword!
Your Fighting skill increases to level 7!
Your Short Blades skill increases to level 4!
You hit Duvessa.
Duvessa is lightly wounded.
Duvessa barely misses you.
You hit Duvessa.
Duvessa is lightly wounded.
Duvessa hits you with a +0 short sword. x2
You are too injured to fight recklessly!
You are too injured to fight recklessly!
Unknown command.
Okay, then.
As you read the scroll of teleportation, it crumbles to dust.
You feel strangely unstable. Duvessa hits you with a +0 short sword.
Duvessa hits you with a +0 short sword!
* * * LOW HITPOINT WARNING * * *
Duvessa attacks as you move away! Duvessa hits you with a +0 short sword!
* * * LOW HITPOINT WARNING * * *
Things that are here:
a +0 dagger; a +0 robe
Okay, then.
Duvessa attacks as you move away! Duvessa hits you but does no damage.
Your surroundings suddenly seem different.
You start resting.
You hear a shout! x4
Duvessa is nearby!
As you read the scroll of teleportation, it crumbles to dust.
You feel strangely unstable.
You feel better. Duvessa hits you with a +0 short sword!
* * * LOW HITPOINT WARNING * * *
Duvessa hits you with a +0 short sword!
You die...

#†#########.##########
#.# #.##### #####.#
#....[# ......#
#####.# #######
####.#### #.......#
#.##.##.##
#e##.#.#.####.#.#
#@##..###e......#
#.####.#)####.... #.#
#.## # #.......# ####
######### ...##
....#### ........
.#..####


You could see Duvessa (berserk).

Vanquished Creatures
  Sigmund (D:3)
  A water moccasin (Sewer)
  A black bear (D:5)
  A phantom (D:4)
  A scorpion (D:4)
  Dowan (D:5)
  An orc priest (D:5)
  5 iguanas
  2 orc wizards
  4 gnolls (D:2)
  A river rat (D:5)
  5 adders
  4 worms
  2 dart slugs
  5 orcs
  7 bats
  8 endoplasms
  4 giant cockroaches
  11 goblins
  5 hobgoblins
  6 jackals
  5 quokkas
  4 ball pythons
  6 frilled lizards
  5 kobolds
  4 rats
  A butterfly (D:4)
101 creatures vanquished.

Notes
Turn   | Place    | Note
-------+----------+-------------------------------------------
     0 | D:1      | Alarkh the Demonspawn Artificer began the quest for the
                  | Orb.
     0 | D:1      | Reached XP level 1. HP: 15/15 MP: 1/1
   195 | D:1      | Reached skill level 2 in Fighting
   302 | D:1      | Gained mutation: You regenerate a little health from kills.
                  | [demonic ancestry]
   302 | D:1      | Reached XP level 2. HP: 22/22 MP: 2/2
   720 | D:1      | Reached skill level 3 in Fighting
   873 | D:2      | Gained mutation: You regenerate health from kills. [demonic
                  | ancestry]
   873 | D:2      | Reached XP level 3. HP: 29/29 MP: 3/3
   875 | D:2      | Identified the +4 falchion "Xuejodde" {flame, Fragile rElec
                  | rC+}
   969 | D:2      | Identified the +8 dagger of the Vase {heavy, rN+++ Str-3
                  | Dex+5 Stlth-}
  1002 | D:2      | Reached skill level 4 in Fighting
  1002 | D:2      | Reached XP level 4. HP: 37/37 MP: 4/4
  1545 | D:3      | Noticed Sigmund
  1557 | D:3      | Killed Sigmund
  1558 | D:3      | Reached skill level 6 in Fighting
  1558 | D:3      | Gained mutation: You are partially covered in rugged brown
                  | scales. (AC +1, +3% HP) [demonic ancestry]
  1558 | D:3      | Reached XP level 5. HP: 40/47 MP: 5/5
  1558 | D:3      | Gained mutation: You have a small tail. [demonic ancestry]
  1558 | D:3      | Reached XP level 6. HP: 45/53 MP: 6/6
  1561 | D:3      | Found a sparkling altar of Nemelex Xobeh.
  1685 | D:3      | Found a runed translucent door.
  1702 | D:3      | Reached skill level 1 in Stealth
  1797 | D:3      | Noticed NimIero's ghost (amateur MfIE)
  1929 | D:3      | Found an opulent altar of Gozag.
  2148 | D:4      | Reached skill level 1 in Short Blades
  2190 | D:4      | Found a radiant altar of Vehumet.
  2611 | D:4      | Noticed a moth of wrath
  2623 | D:4      | Found a bloodstained altar of Trog.
  2668 | D:4      | Found a staircase to the Ecumenical Temple.
  2748 | Temple   | Entered the Ecumenical Temple
  3328 | D:5      | Entered Level 5 of the Dungeon
  3334 | D:5      | Found a glowing drain.
  3342 | D:5      | Gained mutation: You have a tail ending in a sharp stinger.
                  | [demonic ancestry]
  3342 | D:5      | Reached XP level 7. HP: 53/60 MP: 7/7
  3353 | Sewer    | Entered a sewer
  3819 | D:5      | Noticed Dowan
  3820 | D:5      | Noticed Duvessa
  3840 | D:5      | Killed Dowan
  3841 | D:5      | Reached skill level 7 in Fighting
  3844 | D:5      | HP: 3/61 [Duvessa/+0 short sword (15)]
  3855 | D:5      | Mangled by Duvessa

Illustrated notes

Levels and vault maps discovered:
D:1:      lightli_arrival_isolated_outpost, layout_basic, serial_curves,
          eino_curves_01, eino_curves_02, kennysheep_nondescript
D:2:      layout_basic, basic_altar, corexii_hall_statues_l, minivault_4
D:3:      layout_loops_cross, nicolae_gozag_cash_rules_everything_around_me,
          gammafunk_temple_overflow_wave, hellmonk_ghost_happy_afterlife,
          uniq_sigmund
D:4:      layout_basic, tgw_trog, nicolae_vehumet_radiance,
          minmay_temple_entry_butterflies
D:5:      layout_loops_ring, cheibrodos_sewer_entry_sluice, uniq_duvessa
Temple:   jpeg_temple_alley_garden

Skill      XL: |  1  2  3  4  5  6  7 |
---------------+----------------------+-----
Fighting       | 2 3 4 6 7 |  7.0
Stealth        | 2 3 |  3.2
Short Blades   | 2 4 |  4.1
Armour         | |  1.7
Dodging        | |  0.8
Evocations     | |  3.0

Action                     |  1- 3 |  4- 6 |  7- 9 || total
---------------------------+-------+-------+-------++-------
  Melee: Club              |    18 |       |       ||    18
         Dagger            |    47 |   116 |    60 ||   223
         Tailslap          |       |     5 |    12 ||    17
         Punch             |       |     1 |     1 ||     2
  Evoke: Wand              |    12 |       |       ||    12
    Use: Scroll            |     4 |     2 |     2 ||     8
         Potion            |       |     2 |     1 ||     3
 Armour: Leather armour    |    24 |    57 |    38 ||   119
  Dodge: Dodged            |    46 |    94 |    45 ||   185
